 Dungeon Crawl Stone Soup version 0.30-a0-297-g0ec75d9ef4 (webtiles) character file.

Game seed: 2010885175038909992

27 Iusername the Trooper (level 2, 0/24 HPs)
             Began as a Demonspawn Fighter on Oct 18, 2022.
             Succumbed to a goblin's poison
             ... on level 2 of the Dungeon.
             The game lasted 00:01:02 (1006 turns).

Iusername the Trooper (Demonspawn Fighter)          Turns: 1006, Time: 00:01:02

Health: 0/24       AC:  6    Str: 16    XL:     2   Next: 93%
Magic:  2/2        EV:  8    Int:  9    God:
Gold:   78         SH:  8    Dex: 12    Spells: 1/1 levels left

rFire   . . .      SeeInvis .    a - +0 flail
rCold   . . .      Faith    .    c - +0 buckler
rNeg    . . .      Spirit   .    b - +0 scale mail
rPois   .          Reflect  .    (no helmet)
rElec   .          Harm     .    (no cloak)
rCorr   .          Rampage  .    (no gloves)
Will    .....                    (no boots)
Stlth   ..........               (no amulet)
HPRegen 0.24/turn                (no ring)
MPRegen 0.08/turn                (no ring)

@: brilliant, lethally poisoned (0 -> -2), attractive
A: condensation shield
a: no special abilities


You were on level 2 of the Dungeon.
You visited 1 branch of the dungeon, and saw 2 of its levels.

You collected 78 gold pieces.

Inventory:

Hand Weapons
 a - a +0 flail (weapon)
Armour
 b - a +0 scale mail (worn)
 c - a +0 buckler (worn)
Jewellery
 j - a +6 ring of dexterity
Scrolls
 f - a scroll of torment {unknown}
 h - a scroll of amnesia {unknown}
 i - a scroll of fear {unknown}
 k - a scroll of blinking {unknown}
Potions
 d - a potion of might


   Skills:
 + Level 3.3 Fighting
 + Level 2.1 Maces & Flails
 + Level 3.0 Armour
 + Level 3.0 Shields


You had one spell level left.
You didn't know any spells.
Your spell library contained the following spells:

 Spells                   Type           Power      Damage    Failure   Level
 Hailstorm                Conj/Ice       0%         3d3       99%         3
 Summon Guardian Golem    Hex/Summ       0%         N/A       99%         3
 Ice Form                 Ice/Tmut       0%         N/A       100%        4
 Simulacrum               Ice/Necr       0%         N/A       100%        6
 Orb of Destruction       Conj           0%         9d5       100%        7
 Spellforged Servitor     Conj/Summ      0%         N/A       100%        7


Dungeon Overview and Level Annotations

Branches:
Dungeon (2/15)

Altars:

Shops:
D:1 (

Annotations:
D:2 Robin


Innate Abilities, Weirdness & Mutations

A meltable shield of frost defends you. (SH +4)


Message History

The goblin barely misses you.
It was a potion of attraction.
You feel attractive to monsters.
You feel very sick.
The goblin unwields a +0 club.
The goblin wields a +0 sling.
The goblin shoots a sling bullet.
You block the sling bullet.
You hear a shout!
The goblin is attracted toward you.
Unknown command.
You sock the goblin!
You kill the goblin!
You feel very sick.
You hear a shout! x2
The goblin hits you but does no damage.
The goblin unwields a +0 sling.
The goblin wields a +0 club.
The goblin closely misses you.
You hit the goblin but do no damage.
* * * LOW HITPOINT WARNING * * *
You feel very sick. The goblin barely misses you.
The goblin hits you with a +0 club.
* * * LOW HITPOINT WARNING * * *
You barely miss the goblin.
* * * LOW HITPOINT WARNING * * *
You feel sick.
Robin of the Strong Arm comes into view.
They are wielding a +0 whip.
The goblin barely misses you. The goblin hits you with a +0 club.
* * * LOW HITPOINT WARNING * * *
You block the goblin's attack.
You completely miss the goblin.
* * * LOW HITPOINT WARNING * * *
You feel sick. You block the goblin's attack.
Robin says, "Kneel, worm!"
Robin throws the goblin at you! The goblin barely misses you. x2
Robin is attracted toward you.
Unknown command.
Unknown command.
Unknown command.
Unknown command.
You sock the goblin!
You kill the goblin!
You die...

......# #. ..
#..#.## ## ..
##....## #.
#.#....# ##.
#..#...#### ..
#..#....... #ยง
#..#...###.
#g#######..#.###
##
#)@#.....#.#.#
##)g#.....##.#
#...#######.#
#....#.........#
####......######
########


You could see Robin and a goblin.

Vanquished Creatures
  A dart slug (D:1)
  2 ball pythons
  4 bats (D:1)
  3 endoplasms (D:1)
  A giant cockroach (D:1)
  3 goblins
  2 hobgoblins (D:1)
  2 quokkas (D:1)
  A frilled lizard (D:1)
  A kobold (D:1)
  4 rats (D:1)
24 creatures vanquished.

Notes
Turn   | Place    | Note
-------+----------+-------------------------------------------
     0 | D:1      | Iusername the Demonspawn Fighter began the quest for the
                  | Orb.
     0 | D:1      | Reached XP level 1. HP: 18/18 MP: 1/1
    15 | D:1      | Found Pihivvam's Weapon Shoppe.
   197 | D:1      | Gained mutation: A meltable shield of frost defends you.
                  | (SH +4) [demonic ancestry]
   197 | D:1      | Reached XP level 2. HP: 24/24 MP: 2/2
  1004 | D:2      | Noticed Robin
  1005 | D:2      | HP: 1/24 [poisoned by a goblin]
  1006 | D:2      | Succumbed to a goblin's poison

Illustrated notes

Levels and vault maps discovered:
D:1:      onia_arrival_pentagram, layout_loops_corners, serial_shops, shop
D:2:      layout_rooms, dilly_ecumenical_altar_fadedgnrine, minmay_3d_cube,
          uniq_jessica, uniq_robin

Skill      XL: |  1  2 |
---------------+-------+-----
Maces & Flails | 2 |  2.1
Armour         | 3 |  3.0
Shields        | 3 |  3.0
Fighting       | |  3.3

Action                   || total
-------------------------++-------
Melee: Flail             ||    73
  Use: Potion            ||     2
Armor: Scale mail        ||    45
Dodge: Dodged            ||    34
Block: Buckler           ||    37

Table legend: (Time is in decaauts)
 A = Elapsed time spent in this place.
 B = Non-inter-level travel time spent in this place.
 C = Inter-level travel time spent in this place.
 D = Time resting spent in this place.
 E = Time spent auto-exploring this place.
 F = Levels seen in this place.
 G = Mean time per level.
                   A        B        C        D        E       F      G
               +--------+--------+--------+--------+--------+-----+--------+
         Total |   1030 |   1003 |     27 |      0 |    836 |   2 |  515.0 |
       Dungeon |   1030 |   1003 |     27 |      0 |    836 |   2 |  515.0 |
               +--------+--------+--------+--------+--------+-----+--------+

Top non-repeatable levels by time:
     D:1: 970 daAuts
     D:2: 60 daAuts
